MID
CHARLESTON RIVERDOGS @ LEXINGTON LEGENDS
05/19/2048
 
TOP OF THE 1ST
Charleston RiverDogs batting - Pitching for Lexington Legends : RHP Tony Jimenez
Pitching: RHP Tony Jimenez
Batting: LHB Justin O'Neal 0-0: Ball
1-0: Ball
2-0: Called Strike
2-1: Ball
3-1: Base on Balls
Batting: LHB Ernesto Abreu 0-0: Ball
1-0: Ball
2-0: Fly out, F8 (Flyball, 8RD, EV 81.2 MPH)
Batting: RHB Jonathan Iniguez 0-0: Ball
1-0: Ball
2-0: Foul Ball, location: 2F
2-1: Called Strike
2-2: Ball
3-2: Strikes out swinging
Justin O'Neal is caught stealing 2nd base 2-4
Batter strikes out.
Top of the 1st over - 0 runs, 0 hits, 0 errors, 0 left on base; Charleston 0 - Lexington 0
BOTTOM OF THE 1ST
Lexington Legends batting - Pitching for Charleston RiverDogs : RHP Tim Honaker
Pitching: RHP Tim Honaker
Batting: LHB Edgar Ortiz 0-0: Ball
1-0: Called Strike
1-1: Ball
2-1: Ball
3-1: Base on Balls
Batting: RHB Jesus Malave 0-0: Ball
Edgar Ortiz steals 2nd base
1-0: Called Strike
1-1: Ball
2-1: Ball
3-1: 2-RUN HOME RUN (Line Drive, 7D, EV 101.2 MPH), Distance : 386 ft
Batting: LHB Pablo Serrato 0-0: Ball
1-0: Ball
2-0: Foul Ball, location: 2F
2-1: Foul Ball, location: 2F
2-2: Fly out, F9 (Line Drive, 9S, EV 106.9 MPH)
Batting: SHB Bill Ertl 0-0: Called Strike
0-1: Ball
1-1: Ground out 6-3 (Groundball, 6, EV 87.5 MPH)
Batting: RHB Phil Hamby 0-0: Foul Ball, location: 2F
0-1: Ball
1-1: Ball
2-1: Reached on error, E5 (Groundball, 56, EV 81.9 MPH)
Batting: RHB Pat McCoy 0-0: 2-RUN HOME RUN (Flyball, 78XD, EV 110.6 MPH), Distance : 422 ft
Pitching: RHP Michel van Kampen
Batting: LHB Danny Pacheco 0-0: Ball
1-0: Swinging Strike
1-1: DOUBLE (Groundball, 3L, EV 110.0 MPH)
Batting: RHB Vance Coen 0-0: Ball
1-0: Ball
2-0: Swinging Strike
2-1: Called Strike
2-2: Foul Ball, location: 2F
2-2: Ball
3-2: Base on Balls
Batting: RHB Vic Nelson 0-0: Ball
1-0: Swinging Strike
1-1: Called Strike
1-2: Fielders Choice at 2nd, 6-4 (Groundball, 6, EV 91.9 MPH)
Bottom of the 1st over - 4 runs, 3 hits, 1 error, 2 left on base; Charleston 0 - Lexington 4
TOP OF THE 2ND
Charleston RiverDogs batting - Pitching for Lexington Legends : RHP Tony Jimenez
Batting: RHB Mike Zern 0-0: Fly out, F5 (Line Drive, 5, EV 76.9 MPH)
Batting: RHB Iften Olujimi 0-0: Ball
1-0: Ball
2-0: Swinging Strike
2-1: Ball
3-1: Base on Balls
Batting: LHB Marc Durgin 0-0: Called Strike
0-1: Called Strike
0-2: Ball
1-2: Ball
2-2: Ball
3-2: Fielders Choice at 2nd, 1-6 (Groundball, 13S, EV 68.8 MPH)
Batting: RHB Nate Singleton 0-0: Ball
1-0: Foul Ball, location: 2F
1-1: Ground out 5-3 (Groundball, 56, EV 105.0 MPH)
Top of the 2nd over - 0 runs, 0 hits, 0 errors, 1 left on base; Charleston 0 - Lexington 4
BOTTOM OF THE 2ND
Lexington Legends batting - Pitching for Charleston RiverDogs : RHP Michel van Kampen
Batting: LHB Edgar Ortiz 0-0: Called Strike
0-1: Ball
1-1: Ball
2-1: Foul Ball, location: 2F
2-2: Ball
3-2: SINGLE (Groundball, 4D, EV 105.6 MPH)
Batting: RHB Jesus Malave 0-0: Foul Ball, location: 2F
0-1: Ball
1-1: Called Strike
1-2: Grounds into double play, 4-6-3 (Groundball, 4, EV 80.6 MPH)
Batting: LHB Pablo Serrato 0-0: Fly out, F5 (Popup, 6S, EV 75.0 MPH)
Bottom of the 2nd over - 0 runs, 1 hit, 0 errors, 0 left on base; Charleston 0 - Lexington 4
TOP OF THE 3RD
Charleston RiverDogs batting - Pitching for Lexington Legends : RHP Tony Jimenez
Batting: RHB Matt Alderson 0-0: Foul Ball, location: 2F
0-1: Foul Ball, location: 2F
0-2: Strikes out swinging
Batting: RHB Louwe Starmans 0-0: Ball
1-0: Foul Ball, location: 2F
1-1: Swinging Strike
1-2: Ground out 6-3 (Groundball, 6, EV 94.4 MPH)
Batting: LHB Justin O'Neal 0-0: Ball
1-0: Ground out 4-3 (Groundball, 4, EV 83.8 MPH)
Top of the 3rd over - 0 runs, 0 hits, 0 errors, 0 left on base; Charleston 0 - Lexington 4
BOTTOM OF THE 3RD
Lexington Legends batting - Pitching for Charleston RiverDogs : RHP Michel van Kampen
Batting: SHB Bill Ertl 0-0: Ball
1-0: Foul Ball, location: 2F
1-1: Foul Ball, location: 2F
1-2: Ball
2-2: Foul Ball, location: 2F
2-2: Ball
3-2: Foul Ball, location: 2F
3-2: Foul Ball, location: 2F
3-2: SINGLE (Line Drive, 9LS, EV 106.2 MPH)
Batting: RHB Phil Hamby 0-0: Called Strike
0-1: Grounds into double play, 6-4-3 (Groundball, 6, EV 106.9 MPH)
Batting: RHB Pat McCoy 0-0: Ball
1-0: Swinging Strike
1-1: Called Strike
1-2: Foul Ball, location: 2F
1-2: Ground out 4-3 (Groundball, 4MS, EV 77.5 MPH)
Bottom of the 3rd over - 0 runs, 1 hit, 0 errors, 0 left on base; Charleston 0 - Lexington 4
TOP OF THE 4TH
Charleston RiverDogs batting - Pitching for Lexington Legends : RHP Tony Jimenez
Batting: LHB Ernesto Abreu 0-0: Ball
1-0: Ball
2-0: Ball
3-0: Base on Balls
Batting: RHB Jonathan Iniguez 0-0: Foul Ball, location: 2F
0-1: Fielders Choice at 2nd, 1-6 (Groundball, 13, EV 71.2 MPH)
Batting: RHB Mike Zern 0-0: Ball
Jonathan Iniguez is caught stealing 2nd base 2-4
1-0: Ground out 3-1 (Groundball, 34S, EV 68.8 MPH)
Top of the 4th over - 0 runs, 0 hits, 0 errors, 0 left on base; Charleston 0 - Lexington 4
BOTTOM OF THE 4TH
Lexington Legends batting - Pitching for Charleston RiverDogs : RHP Michel van Kampen
Batting: LHB Danny Pacheco 0-0: Swinging Strike
0-1: Ground out 4-3 (Groundball, 4D, EV 106.2 MPH)
Batting: RHB Vance Coen 0-0: Called Strike
0-1: Foul Ball, location: 2F
0-2: Foul Ball, location: 2F
0-2: Ball
1-2: Ground out 4-3 (Groundball, 4, EV 109.4 MPH)
Batting: RHB Vic Nelson 0-0: SINGLE (Groundball, 34D, EV 104.4 MPH)
Pitching: LHP Alex Pulido
Batting: LHB Edgar Ortiz 0-0: Ball
1-0: Ball
2-0: Fly out, F9 (Flyball, 9, EV 93.8 MPH)
Bottom of the 4th over - 0 runs, 1 hit, 0 errors, 1 left on base; Charleston 0 - Lexington 4
TOP OF THE 5TH
Charleston RiverDogs batting - Pitching for Lexington Legends : RHP Tony Jimenez
Pitching: RHP Nam Phong
Batting: RHB Iften Olujimi 0-0: Called Strike
0-1: Foul Ball, location: 2F
0-2: Ball
1-2: Ball
2-2: Strikes out swinging
Batting: LHB Marc Durgin 0-0: Called Strike
0-1: DOUBLE (Line Drive, 9LM, EV 91.2 MPH)
Batting: RHB Nate Singleton 0-0: Ball
1-0: Ball
2-0: Ball
3-0: Called Strike
3-1: Called Strike
3-2: Foul Ball, location: 2F
3-2: Strikes out swinging
Batting: RHB Matt Alderson 0-0: Ball
1-0: Foul Ball, location: 2F
1-1: Ball
2-1: Ball
3-1: Base on Balls
Batting: RHB Louwe Starmans 0-0: Swinging Strike
0-1: Swinging Strike
0-2: Ball
1-2: Foul Ball, location: 2F
1-2: Ball
2-2: Strikes out swinging
Top of the 5th over - 0 runs, 1 hit, 0 errors, 2 left on base; Charleston 0 - Lexington 4
BOTTOM OF THE 5TH
Lexington Legends batting - Pitching for Charleston RiverDogs : LHP Alex Pulido
Batting: RHB Jesus Malave 0-0: Ball
1-0: Ball
2-0: Fly out, F7 (Flyball, 7D, EV 106.9 MPH)
Batting: LHB Pablo Serrato 0-0: Ball
1-0: Ground out 4-3 (Groundball, 4, EV 106.9 MPH)
Batting: SHB Bill Ertl 0-0: Ball
1-0: Foul Ball, location: 2F
1-1: Foul Ball, location: 2F
1-2: Foul Ball, location: 2F
1-2: Ball
2-2: Ball
3-2: Base on Balls
Batting: RHB Phil Hamby 0-0: Ball
1-0: Foul Ball, location: 2F
1-1: Swinging Strike
1-2: Strikes out looking
Bottom of the 5th over - 0 runs, 0 hits, 0 errors, 1 left on base; Charleston 0 - Lexington 4
TOP OF THE 6TH
Charleston RiverDogs batting - Pitching for Lexington Legends : RHP Nam Phong
Batting: LHB Justin O'Neal 0-0: Ball
1-0: Foul Ball, location: 2F
1-1: Ball
2-1: Called Strike
2-2: Strikes out looking
Batting: LHB Ernesto Abreu 0-0: Called Strike
0-1: Ball
1-1: Foul Ball, location: 2F
1-2: Strikes out swinging
Pitching: RHP Josh Rutledge
Batting: RHB Jonathan Iniguez 0-0: Called Strike
0-1: Ball
1-1: Fly out, F9 (Flyball, 9, EV 86.9 MPH)
Top of the 6th over - 0 runs, 0 hits, 0 errors, 0 left on base; Charleston 0 - Lexington 4
BOTTOM OF THE 6TH
Lexington Legends batting - Pitching for Charleston RiverDogs : LHP Alex Pulido
Batting: RHB Pat McCoy 0-0: Ball
1-0: Foul Ball, location: 2F
1-1: Ball
2-1: Ball
3-1: Called Strike
3-2: Base on Balls
Batting: LHB Danny Pacheco 0-0: SINGLE (Line Drive, 5D, EV 101.9 MPH)
Pat McCoy to second
Batting: RHB Vance Coen 0-0: Called Strike
0-1: Ball
1-1: Ball
2-1: Reached on error, E5 (Groundball, 5, EV 105.6 MPH)
Pat McCoy to third
Danny Pacheco to second
Batting: RHB Vic Nelson 0-0: SINGLE (Flyball, 8RS, EV 89.4 MPH)
Pat McCoy scores
Danny Pacheco to third
Vance Coen to second
Batting: LHB Edgar Ortiz 0-0: Foul Ball, location: 2F
0-1: Called Strike
0-2: Foul Ball, location: 2F
0-2: Ball
Wild Pitch!
Danny Pacheco scores
Vance Coen to third
Vic Nelson to second
1-2: Ground out 5-3 (Groundball, 5, EV 105.0 MPH)
Pitching: RHP Greg Ritchie
Batting: RHB Jesus Malave 0-0: Called Strike
0-1: Called Strike
0-2: Strikes out swinging
Batting: LHB Pablo Serrato 0-0: Ball
1-0: Called Strike
1-1: Swinging Strike
1-2: Ball
2-2: Ball
3-2: Foul Ball, location: 2F
3-2: Strikes out swinging
Bottom of the 6th over - 2 runs, 2 hits, 1 error, 2 left on base; Charleston 0 - Lexington 6
TOP OF THE 7TH
Charleston RiverDogs batting - Pitching for Lexington Legends : RHP Josh Rutledge
Batting: RHB Mike Zern 0-0: Foul Ball, location: 2F
0-1: Ball
1-1: Called Strike
1-2: Ground out 6-3 (Groundball, 6, EV 91.2 MPH)
Batting: RHB Iften Olujimi 0-0: Called Strike
0-1: Ball
1-1: Swinging Strike
1-2: Ball
2-2: Ball
3-2: Foul Ball, location: 2F
3-2: Strikes out swinging
Batting: LHB Marc Durgin 0-0: Called Strike
0-1: Called Strike
0-2: Ball
1-2: Ball
2-2: Ball
3-2: Strikes out swinging
Top of the 7th over - 0 runs, 0 hits, 0 errors, 0 left on base; Charleston 0 - Lexington 6
BOTTOM OF THE 7TH
Lexington Legends batting - Pitching for Charleston RiverDogs : RHP Greg Ritchie
Batting: SHB Bill Ertl 0-0: Ball
1-0: Ground out 1-3 (Groundball, 15S, EV 71.2 MPH)
Batting: RHB Phil Hamby 0-0: Ball
1-0: Ball
2-0: Foul Ball, location: 2F
2-1: Foul Ball, location: 2F
2-2: Strikes out looking
Batting: RHB Pat McCoy 0-0: Ball
1-0: Ball
2-0: Foul Ball, location: 2F
2-1: Fly out, F9 (Flyball, 9, EV 91.2 MPH)
Bottom of the 7th over - 0 runs, 0 hits, 0 errors, 0 left on base; Charleston 0 - Lexington 6
TOP OF THE 8TH
Charleston RiverDogs batting - Pitching for Lexington Legends : RHP Josh Rutledge
Batting: RHB Nate Singleton 0-0: Ground out 5-3 (Groundball, 56S, EV 74.4 MPH)
Batting: RHB Matt Alderson 0-0: Ball
1-0: Ball
2-0: Ground out 5-3 (Groundball, 5, EV 86.9 MPH)
Pinch Hitting: LHB Steve LeGrand 0-0: Called Strike
0-1: Foul Ball, location: 2F
0-2: Strikes out swinging
Top of the 8th over - 0 runs, 0 hits, 0 errors, 0 left on base; Charleston 0 - Lexington 6
BOTTOM OF THE 8TH
Lexington Legends batting - Pitching for Charleston RiverDogs : RHP Greg Ritchie
Now at 3B: Lorenzo Vasquez
Batting: LHB Danny Pacheco 0-0: Called Strike
0-1: SINGLE (Groundball, 6D, EV 98.8 MPH)
Batting: RHB Vance Coen 0-0: Called Strike
0-1: SINGLE (Groundball, 56D, EV 96.9 MPH)
Danny Pacheco to second
Pitching: RHP Mike Pickens
Batting: RHB Vic Nelson 0-0: DOUBLE (Groundball, 5L, EV 108.1 MPH)
Danny Pacheco scores
Vance Coen to third
Pinch Hitting: SHB Adrian Orosco 0-0: Foul Ball, location: 2F
0-1: Swinging Strike
0-2: Foul Ball, location: 2F
0-2: Hit by Pitch
Pinch Hitting: RHB Carlos Santoni 0-0: Ball
1-0: Ball
2-0: Ball
3-0: Called Strike
3-1: Foul Ball, location: 2F
3-2: Strikes out looking
Batting: LHB Pablo Serrato 0-0: Ball
1-0: Called Strike
1-1: Called Strike
1-2: Ball
2-2: Strikes out looking
Batting: SHB Bill Ertl 0-0: Foul Ball, location: 2F
0-1: Ground out 4-3 (Groundball, 34, EV 106.2 MPH)
Bottom of the 8th over - 1 run, 3 hits, 0 errors, 3 left on base; Charleston 0 - Lexington 7
TOP OF THE 9TH
Charleston RiverDogs batting - Pitching for Lexington Legends : RHP Josh Rutledge
Now at 1B: Adrian Orosco
Now in RF: Carlos Santoni
Pinch Hitting: RHB Gonçalo Burhil 0-0: Swinging Strike
0-1: Foul Ball, location: 2F
0-2: Ball
1-2: Ground out 6-3 (Groundball, 6, EV 88.1 MPH)
Pitching: RHP Luis Diaz
Pinch Hitting: RHB John Sprenkel 0-0: Called Strike
0-1: Foul Ball, location: 2F
0-2: Ground out 5-3 (Groundball, 56S, EV 88.1 MPH)
Batting: RHB Jonathan Iniguez 0-0: Called Strike
0-1: Ball
1-1: Ground out 4-3 (Groundball, 4, EV 86.9 MPH)
Top of the 9th over - 0 runs, 0 hits, 0 errors, 0 left on base; Charleston 0 - Lexington 7
Tuesday, March 28th , 2023 - OOTP Baseball 23.10 Build 110